 Dungeon Crawl Stone Soup version 0.27-a0-404-g4390dbc5be (webtiles) character file.

Game seed: 12487108143295535749

9 CurlyBrace the Caller (level 2, 12/12 HPs)
             Began as a Felid Summoner on Feb 22, 2021.
             Quit the game on level 4 of the Dungeon.
             The game lasted 00:02:41 (204 turns).

CurlyBrace the Caller (Felid Summoner)               Turns: 204, Time: 00:02:42

Health: 12/12      AC:  1    Str:  4    XL:     2   Next: 6%
Magic:  6/6        EV: 18    Int: 16    God:
Gold:   0          SH:  0    Dex: 16    Spells: 4/5 levels left
                                        Lives:  0   Deaths: 0

rFire    . . .     SeeInvis +   (weapon unavailable)
rCold    . . .     Faith    .   (shield unavailable)
rNeg     . . .     Spirit   .   (armour unavailable)
rPois    .         Reflect  .   (helmet unavailable)
rElec    .         Harm     .   (cloak unavailable)
rCorr    .         Rampage  .   (gloves unavailable)
Will     .....                  (boots unavailable)
Stlth    +++.......             (no amulet)
HPRegen  0.04/turn              (no ring)
MPRegen  0.10/turn              (no ring)

@: quick
A: very small, no armour, no weapons or thrown items, stealth, claws 1, fangs 3,
see invisible, speed 1, shaggy fur 1, sharp paws
a: no special abilities


You were on level 4 of the Dungeon.
You visited 2 branches of the dungeon, and saw 5 of its levels.

Inventory:

Scrolls
 a - 2 scrolls of fog


   Skills:
 * Level 0.9 Fighting
 + Level 2.8 Dodging
 + Level 2.9 Stealth
 * Level 0.8 Unarmed Combat
 - Level 2.0 Spellcasting
 - Level 4.0 Summonings


You had 4 spell levels left.
You knew the following spells:

 Your Spells              Type           Power        Failure   Level
a - Summon Small Mammal   Summ           56%          4%          1

Your spell library contained the following spells:

 Spells                   Type           Power        Failure   Level
 Call Imp                 Summ           14%          6%          2
 Call Canine Familiar     Summ           14%          12%         3
 Summon Guardian Golem    Hex/Summ       8%           26%         3
 Summon Ice Beast         Ice/Summ       8%           65%         4
 Summon Lightning Spire   Summ/Air       8%           65%         4


Dungeon Overview and Level Annotations

Branches:
Dungeon (4/15)             Temple (1/1) D:4

Altars:
Ashenzari
Fedhas
Gozag
Nemelex Xobeh
Okawaru
Ru
Trog
Wu Jian
Xom
Zin

Annotations:
D:3 exclusion: upstairs
D:4 exclusion: upstairs


Innate Abilities, Weirdness & Mutations

You cannot wear armour.
You are incapable of wielding weapons or throwing items.
Your paws allow you to move quietly. (Stealth)
You have sharp claws.
You have razor-sharp teeth.
You have supernaturally acute eyesight. (SInv)
You cover ground quickly.
You are covered in fur. (AC +1)
Your sharp claws are effective at attacking unaware monsters.


Message History

Unknown command.
You aren't carrying any potions.
Found a fuming blue potion.
Found a fuming inky potion.
You see here a fuming inky potion.
It was a potion of cancellation.
You feel magically purged.
You see here a fuming blue potion.
It was a potion of curing.
You feel better. As you open the door, it creaks loudly!
A leopard gecko skeleton comes into view.
Found 12 arrows.
There is an open door here.
Casting: Summon Small Mammal (safe; 4% risk of failure)
Confirm with . or Enter, or press ? or * to list all spells.
Unknown command.
You scratch the leopard gecko skeleton but do no damage.
You bite the leopard gecko skeleton.
The leopard gecko skeleton is heavily damaged.
The leopard gecko skeleton closely misses you.
Your rat bites the leopard gecko skeleton.
You scratch the leopard gecko skeleton.
You destroy the leopard gecko skeleton!
No target in view!
You open the door.
Found a staircase to the Ecumenical Temple.
There is an open door here.
There is a staircase to the Ecumenical Temple here.
You climb downwards.
Welcome to the Ecumenical Temple!
Your summoned ally is left behind.
Found six altars.
There is a staircase back to the Dungeon here.
Found an opulent altar of Gozag and a blossoming altar of Fedhas.
Found a broken altar of Ashenzari and a bloodstained altar of Trog.
There is a staircase back to the Dungeon here.
You climb upwards.
Welcome back to the Dungeon!
You hear the sound of rushing water.
There is an entrance to a sewer on this level.
Hurry and find it before the portal rusts away!
Level annotation: exclusion: upstairs
There is a staircase to the Ecumenical Temple here.
Are you sure you want to abandon this character and quit the game? (Confirm with "yes".)

###+### #.....#
#.....# #.....# #.#
+..@..# #.# #.....#
#.# #.....# ###.###
#.....# ......#
####'### #....#
##.....## #..#.##
##.......#
##.#...####.........#
..........'.........+


There were no monsters in sight!

Vanquished Creatures
  An orc (D:3)
  A bat (D:1)
  A giant cockroach (D:1)
  A hobgoblin (D:1)
  A kobold (D:1)
  A leopard gecko skeleton (D:4)
  2 rats
8 creatures vanquished.

Vanquished Creatures (collateral kills)
  A goblin (D:1)
  A frilled lizard (D:1)
2 creatures vanquished.

Grand Total: 10 creatures vanquished

Notes
Turn   | Place    | Note
-------+----------+-------------------------------------------
     0 | D:1      | CurlyBrace the Felid Summoner began the quest for the Orb.
     0 | D:1      | Reached XP level 1. HP: 7/7 MP: 4/4
   101 | D:3      | Noticed an orc wizard
   122 | D:3      | Reached XP level 2. HP: 1/12 MP: 0/6
   174 | D:4      | Found a staircase to the Ecumenical Temple.
   181 | Temple   | Entered the Ecumenical Temple
   204 | D:4      | Quit the game

Illustrated notes

Levels and vault maps discovered:
D:1:      mrwooster_arrival_statue_2, layout_rooms
D:2:      layout_basic
D:3:      layout_loops_ring, nicolae_overflow_hidden_temple
D:4:      layout_loops_corners, temple_green, cheibrodos_sewer_entry_sluice,
          kennysheep_small_square
Temple:   eino_temple_lava

Action                   || total
-------------------------++-------
Melee: Unarmed           ||    23
       Bite              ||     3
 Cast: Summon Small Mamm ||     7
  Use: Scroll            ||     1
       Potion            ||     2
 Stab: Sleeping          ||     2
Dodge: Dodged            ||    17

Table legend: (Time is in decaauts)
 A = Elapsed time spent in this place.
 B = Non-inter-level travel time spent in this place.
 C = Inter-level travel time spent in this place.
 D = Time resting spent in this place.
 E = Time spent auto-exploring this place.
 F = Levels seen in this place.
 G = Mean time per level.
                   A        B        C        D        E       F      G
               +--------+--------+--------+--------+--------+-----+--------+
         Total |    173 |    173 |      0 |      0 |      0 |   5 |   34.6 |
       Dungeon |    155 |    155 |      0 |      0 |      0 |   4 |   38.8 |
        Temple |     17 |     17 |      0 |      0 |      0 |   1 |   17.0 |
               +--------+--------+--------+--------+--------+-----+--------+

Top non-repeatable levels by time:
     D:1: 67 daAuts
     D:3: 53 daAuts
     D:4: 32 daAuts
  Temple: 17 daAuts
     D:2: 2 daAuts
